[Event "ICC tourney 2467 (30 10)"]
[Site "Internet Chess Club"]
[Date "2021.03.21"]
[Round "1"]
[White "VAKHIDOV, JAKHONGIR:TjkTiger"]
[Black "POTHURI, ABHIRAM:chessasp"]
[Result "1-0"]
[ICCResult "Black checkmated"]
[WhiteElo "2610"]
[BlackElo "1980"]
[Opening "English: symmetrical variation"]
[ECO "A37"]
[NIC "EO.28"]
[Time "11:03:03"]
[PlyCount "93"]
[TimeControl "1800+10"]

1. c4 c5 2. g3 Nc6 3. Bg2 g6 4. Nc3 Bg7 5. Nf3 d6 6. O-O Nf6 7. d4 cxd4 8.
Nxd4 Bd7 9. Nc2 O-O 10. b3 Rc8 11. Bb2 Be6 12. Nd5 Bxd5 13. cxd5 Nb8 14.
Bd4 Qa5 15. Ne3 b5 16. a4 a6 17. axb5 Qxb5 18. Nc4 Rc7 19. e4 Nbd7 20. Ra5
Qb7 21. e5 Ne8 22. Re1 Qb4 23. Ra4 Qb5 24. exd6 exd6 25. Bxg7 Kxg7 26. Rxe8
Rxe8 27. Nxd6 Qb8 28. Nxe8+ Qxe8 29. Rxa6 Nc5 30. Qa1+ Kg8 31. Ra8 Rc8 32.
Rxc8 Qxc8 33. Qc3 Qf8 34. b4 Nd7 35. Bh3 Qd8 36. Bxd7 Qxd7 37. Qc6 Qf5 38.
d6 Kf8 39. b5 h5 40. h4 Qb1+ 41. Kg2 g5 42. Qa8+ Kg7 43. d7 gxh4 44. d8=Q
h3+ 45. Kh2 Qf1 46. Qg5+ Kh7 47. Qag8# { Black checkmated } 1-0

[Event "ICC tourney 2467 (30 10)"]
[Site "Internet Chess Club"]
[Date "2021.03.21"]
[Round "1"]
[White "KATSMAN, DAVID:davika21"]
[Black "REMPE, JONAS JAKOB RAZA:Drachekokosnuss"]
[Result "0-1"]
[ICCResult "White resigns"]
[WhiteElo "1884"]
[BlackElo "2100"]
[Opening "Ruy Lopez: exchange variation, Alapin gambit"]
[ECO "C68"]
[NIC "RL.08"]
[Time "11:02:17"]
[PlyCount "34"]
[TimeControl "1800+10"]

1. e4 e5 2. Nf3 Nc6 3. Bb5 a6 4. Bxc6 dxc6 5. O-O Bg4 6. h3 h5 7. d3 Qf6 8.
Nbd2 Ne7 9. Re1 Ng6 10. d4 exd4 11. hxg4 hxg4 12. Nh2 Bd6 13. g3 Rxh2 14.
Re2 Rh7 15. Qf1 O-O-O 16. Qg2 Rdh8 17. b3 d3 { White resigns } 0-1

[Event "ICC tourney 2467 (30 10)"]
[Site "Internet Chess Club"]
[Date "2021.03.21"]
[Round "1"]
[White "Wang, Luke:HostilePear"]
[Black "Volkov, Sergey:Volkov"]
[Result "0-1"]
[ICCResult "White resigns"]
[WhiteElo "1969"]
[BlackElo "2607"]
[Opening "English opening"]
[ECO "A20"]
[NIC "EO.24"]
[Time "11:02:20"]
[PlyCount "58"]
[TimeControl "1800+10"]

1. c4 e5 2. g3 c6 3. d4 Bb4+ 4. Bd2 Bxd2+ 5. Qxd2 d6 6. Bg2 Nf6 7. dxe5
dxe5 8. Qxd8+ Kxd8 9. Nc3 Be6 10. b3 Nbd7 11. Nf3 h6 12. O-O Kc7 13. Rfd1
Rhe8 14. Nd2 a5 15. Nde4 Nxe4 16. Nxe4 f5 17. Nd6 Re7 18. Bh3 g6 19. Rd2
Nc5 20. Rad1 Rd7 21. e4 Rad8 22. exf5 gxf5 23. Nb5+ cxb5 24. Rxd7+ Rxd7 25.
Rxd7+ Bxd7 26. cxb5 Kb6 27. f4 exf4 28. gxf4 Nd3 29. Bf1 Nxf4 { White
resigns } 0-1

[Event "ICC tourney 2467 (30 10)"]
[Site "Internet Chess Club"]
[Date "2021.03.21"]
[Round "1"]
[White "Vittal, Sanjana:MCTS13"]
[Black "OPASKA, MICHAEL:mopaska1106"]
[Result "1-0"]
[ICCResult "Black resigns"]
[WhiteElo "2196"]
[BlackElo "1945"]
[Opening "Sicilian: closed, 2...Nc6"]
[ECO "B23"]
[NIC "SI.44"]
[Time "11:03:03"]
[PlyCount "55"]
[TimeControl "1800+10"]

1. e4 c5 2. Nc3 Nc6 3. Bb5 g6 4. Bxc6 bxc6 5. d3 Bg7 6. f4 d6 7. Nf3 Nh6 8.
O-O f5 9. e5 O-O 10. Qe1 Rb8 11. Kh1 Qc7 12. Na4 Nf7 13. Qg3 Nd8 14. b3 Ne6
15. Bb2 Rb4 16. c4 d5 17. Bc3 Rxa4 18. bxa4 Ba6 19. Nd2 d4 20. Bb2 Qa5 21.
Nb3 Qxa4 22. Qe1 Rb8 23. Qc1 Bh6 24. g3 Rb6 25. Ba3 Rxb3 26. axb3 Qxb3 27.
Qb1 Qc3 28. Bb2 { Black resigns } 1-0

[Event "ICC tourney 2467 (30 10)"]
[Site "Internet Chess Club"]
[Date "2021.03.21"]
[Round "1"]
[White "Higgins, Sean M:higg1921"]
[Black "DENG, HENRY:SuperPuzzler"]
[Result "0-1"]
[ICCResult "White resigns"]
[WhiteElo "1421"]
[BlackElo "2049"]
[Opening "Evans gambit"]
[ECO "C52"]
[NIC "IG.05"]
[Time "11:02:11"]
[PlyCount "49"]
[TimeControl "1800+10"]

1. e4 e5 2. Nf3 Nc6 3. Bc4 Bc5 4. b4 Bxb4 5. c3 Ba5 6. O-O Nf6 7. d4 d6 8.
Qb3 O-O 9. dxe5 Nxe5 10. Nxe5 dxe5 11. Ba3 Nxe4 12. Bxf8 Qxf8 13. Re1 Nf6
14. Rxe5 Bb6 15. h3 Bd7 16. Nd2 Bc6 17. Rae1 Rd8 18. Nf3 Bxf3 19. gxf3 Rd7
20. a3 g6 21. Qa2 c6 22. Qe2 Bc5 23. a4 b6 24. h4 Qh6 25. Rh5 { White
resigns } 0-1

[Event "ICC tourney 2467 (30 10)"]
[Site "Internet Chess Club"]
[Date "2021.03.21"]
[Round "1"]
[White "GUO, YU HAN (VERONICA):VeronicaG"]
[Black "WANG, ALEXANDER J:ickyquarter"]
[Result "1-0"]
[ICCResult "Black resigns"]
[WhiteElo "1828"]
[BlackElo "2077"]
[Opening "Queen's pawn: London system"]
[ECO "A45"]
[NIC "QP.07"]
[Time "11:02:12"]
[PlyCount "67"]
[TimeControl "1800+10"]

1. d4 Nf6 2. Bf4 g6 3. Nc3 Bg7 4. e4 d6 5. Qd2 O-O 6. O-O-O Nbd7 7. Nf3 a6
8. Bh6 b5 9. a3 Bb7 10. Bxg7 Kxg7 11. Bd3 e5 12. h4 h5 13. d5 Nc5 14. Ng5
Bc8 15. Be2 Rb8 16. b4 Ncd7 17. Rdg1 Nb6 18. f3 Bd7 19. g4 Nc4 20. Bxc4
bxc4 21. gxh5 Nxh5 22. Ne2 Qf6 23. Qc3 Bb5 24. Rf1 Rfe8 25. f4 exf4 26.
Qxf6+ Nxf6 27. Rxf4 Re7 28. Rhf1 Nxd5 29. Rxf7+ Kg8 30. exd5 Rxe2 31. R1f6
Kh8 32. Rh7+ Kg8 33. Rxg6+ Kf8 34. Rf7+ { Black resigns } 1-0

[Event "ICC tourney 2467 (30 10)"]
[Site "Internet Chess Club"]
[Date "2021.03.21"]
[Round "1"]
[White "YE, LUKE SICONG:lukeye"]
[Black "KERR, JOSHUA MORGAN:AbleCompany"]
[Result "1-0"]
[ICCResult "Black resigns"]
[WhiteElo "2059"]
[BlackElo "1673"]
[Opening "Sicilian: dragon, Yugoslav attack, Rauser variation"]
[ECO "B76"]
[NIC "SI.17"]
[Time "11:02:12"]
[PlyCount "79"]
[TimeControl "1800+10"]

1. e4 c5 2. Nf3 d6 3. d4 cxd4 4. Nxd4 Nf6 5. Nc3 g6 6. f3 Bg7 7. Be3 O-O 8.
Qd2 Nc6 9. O-O-O d5 10. exd5 Nxd5 11. Nxc6 bxc6 12. Bd4 Be6 13. Bxg7 Kxg7
14. Nxd5 cxd5 15. h4 h5 16. g4 Rh8 17. Be2 Qb6 18. gxh5 Rxh5 19. f4 Rh7 20.
h5 Rb8 21. Qc3+ f6 22. hxg6 Rxh1 23. Rxh1 d4 24. Qa3 Qb4 25. Rh7+ Kxg6 26.
Qxb4 Rxb4 27. Rxe7 Bxa2 28. b3 Bxb3 29. Bd3+ Kh5 30. cxb3 Rxb3 31. Kc2 Rc3+
32. Kd2 Ra3 33. Bf5 Kh4 34. Rh7+ Kg3 35. Rh3+ Kxf4 36. Rxa3 Kxf5 37. Kd3
Kg4 38. Kxd4 f5 39. Ke3 f4+ 40. Ke4 { Black resigns } 1-0

[Event "ICC tourney 2467 (30 10)"]
[Site "Internet Chess Club"]
[Date "2021.03.21"]
[Round "1"]
[White "IVANOV, ALEXANDER:marble"]
[Black "BAGCHI, SOUNAK:Chesssaga"]
[Result "1-0"]
[ICCResult "Black resigns"]
[WhiteElo "2506"]
[BlackElo "1967"]
[Opening "Sicilian: Hungarian variation"]
[ECO "B27"]
[NIC "SI.43"]
[Time "11:02:06"]
[PlyCount "61"]
[TimeControl "1800+10"]

1. e4 c5 2. Nf3 g6 3. d4 cxd4 4. Qxd4 Nf6 5. e5 Nc6 6. Qa4 Nd5 7. Qe4 Ndb4
8. Bb5 a6 9. Ba4 b5 10. Bb3 d5 11. exd6 Bf5 12. Qe2 Qxd6 13. O-O Rd8 14.
Nc3 Na5 15. Ne4 Bxe4 16. Qxe4 Nxb3 17. axb3 f5 18. Qe2 Bg7 19. Bg5 h6 20.
Rad1 Qc7 21. Rxd8+ Qxd8 22. Rd1 Qc7 23. Bd2 Nc6 24. Bc3 O-O 25. Qe6+ Kh7
26. Rd7 Qc8 27. Bxg7 Kxg7 28. Ne5 Rf6 29. Rxe7+ Nxe7 30. Qxe7+ Kg8 31. Qxf6
{ Black resigns } 1-0

[Event "ICC tourney 2467 (30 10)"]
[Site "Internet Chess Club"]
[Date "2021.03.21"]
[Round "1"]
[White "CARTER, DAVID E:CARTERD253"]
[Black "Jin, Xiaodong:SuperWJ"]
[Result "1-0"]
[ICCResult "Black resigns"]
[WhiteElo "2137"]
[BlackElo "1887"]
[Opening "Grünfeld: exchange variation"]
[ECO "D85"]
[NIC "GI.03"]
[Time "11:02:08"]
[PlyCount "89"]
[TimeControl "1800+10"]

1. d4 Nf6 2. c4 g6 3. Nc3 d5 4. cxd5 Nxd5 5. Bd2 Nxc3 6. Bxc3 Bg7 7. e4 Nc6
8. d5 Bxc3+ 9. bxc3 Na5 10. Qd4 O-O 11. h4 h5 12. Bd3 e6 13. c4 f5 14. Nf3
exd5 15. Qxd5+ Qxd5 16. exd5 Re8+ 17. Kd2 b6 18. Rhe1 Ba6 19. Kc3 Rad8 20.
Nd4 Bc8 21. f4 a6 22. Re5 Rxe5 23. fxe5 b5 24. Re1 c5 25. dxc6 b4+ 26. Kxb4
Rxd4 27. Kxa5 Rxd3 28. e6 Rd8 29. Kb6 Re8 30. Kc7 Kf8 31. e7+ Kf7 32. Kd6
Kf6 33. c5 Kf7 34. c7 Kf6 35. a4 Kf7 36. a5 Kf6 37. c6 Kf7 38. Rb1 Rxe7 39.
Rb8 Re6+ 40. Kc5 Re8 41. Rxc8 Rxc8 42. Kb6 Ke7 43. Kb7 Kd6 44. Kxc8 Kxc6
45. Kd8 { Black resigns } 1-0

[Event "ICC tourney 2467 (30 10)"]
[Site "Internet Chess Club"]
[Date "2021.03.21"]
[Round "1"]
[White "PANG, ASHLEY:redhawk2020"]
[Black "HEBDEN, MARK L:mhebden"]
[Result "0-1"]
[ICCResult "White resigns"]
[WhiteElo "1955"]
[BlackElo "2503"]
[Opening "Two knights defense (Modern bishop's opening)"]
[ECO "C55"]
[NIC "IG.01"]
[Time "11:02:08"]
[PlyCount "72"]
[TimeControl "1800+10"]

1. e4 e5 2. Nf3 Nc6 3. Bc4 Nf6 4. d3 Be7 5. c3 O-O 6. O-O d6 7. Nbd2 Na5 8.
Bb5 a6 9. Ba4 b5 10. Bc2 c5 11. Re1 Re8 12. Nf1 h6 13. b3 Nc6 14. Bb2 b4
15. Ne3 Bf8 16. a3 bxc3 17. Bxc3 d5 18. exd5 Nxd5 19. Nxd5 Qxd5 20. d4 cxd4
21. Nxd4 Nxd4 22. Be4 Qxb3 23. Bxd4 Qxd1 24. Raxd1 Bg4 25. f3 Rad8 26. Bb2
Rxd1 27. Rxd1 Be6 28. Bxe5 Bb3 29. Rb1 Bc5+ 30. Kh1 Rxe5 31. Rxb3 f5 32.
Rb8+ Kf7 33. Rb7+ Kf6 34. Rc7 fxe4 35. Rc6+ Kf7 36. fxe4 a5 { White resigns
} 0-1

[Event "ICC tourney 2467 (30 10)"]
[Site "Internet Chess Club"]
[Date "2021.03.21"]
[Round "1"]
[White "POWER, SEAN KEE:KnightHopper"]
[Black "KHAN, SAMI SHARAF:sami786"]
[Result "1-0"]
[ICCResult "Black checkmated"]
[WhiteElo "2012"]
[BlackElo "1014"]
[Opening "Sicilian defense"]
[ECO "B41"]
[NIC "SI.43"]
[Time "11:02:32"]
[PlyCount "169"]
[TimeControl "1800+10"]

1. e4 c5 2. Nf3 e6 3. d4 cxd4 4. c3 d5 5. exd5 Qxd5 6. cxd4 Nc6 7. Nc3 Qa5
8. Bc4 Nf6 9. O-O Be7 10. Bd2 O-O 11. Nd5 Qd8 12. Nxe7+ Nxe7 13. Bg5 Ne4
14. Bh4 f6 15. Qd3 Nd6 16. Bb3 Ndf5 17. Bg3 Nxg3 18. hxg3 b6 19. Bc2 g6 20.
Rfe1 Nd5 21. Nh4 Qe7 22. a3 Re8 23. Re2 a5 24. Qd2 Ba6 25. Ree1 Rad8 26.
Ba4 Rf8 27. Rac1 Bb7 28. Qd3 Rd6 29. Rc2 Rfd8 30. Rec1 Qf7 31. Nf3 g5 32.
Rd1 g4 33. Nd2 Nc7 34. Qc3 Nd5 35. Qc4 Rc8 36. Qb3 Rxc2 37. Qxc2 Ba6 38.
Ne4 Rd8 39. Bb3 Rc8 40. Qd2 Rd8 41. Rc1 Qg6 42. Bxd5 Rxd5 43. Qf4 Rxd4 44.
Nxf6+ Kg7 45. Qxd4 Qxf6 46. Rc7+ Kg6 47. Qxg4+ Qg5 48. Rg7+ Kxg7 49. Qxg5+
Kf7 50. Qe5 Ke7 51. Qc7+ Kf6 52. Qxb6 Bc8 53. Qd8+ Kf5 54. Qxc8 a4 55. Qc2+
Kf6 56. Qxa4 h5 57. b4 h4 58. gxh4 e5 59. b5 e4 60. b6 e3 61. fxe3 Kg7 62.
b7 Kh7 63. b8=Q Kh6 64. e4 Kh7 65. e5 Kh6 66. e6 Kh7 67. e7 Kh6 68. e8=Q
Kh7 69. Qad7+ Kh6 70. Qdc8 Kh7 71. a4 Kg7 72. a5 Kh7 73. a6 Kg7 74. a7 Kh7
75. a8=Q Kh6 76. g4 Kh7 77. g5 Kg7 78. h5 Kh7 79. g6+ Kg7 80. Qe7+ Kh6 81.
Qh7+ Kg5 82. g7 Kf6 83. Qg6+ Ke7 84. Qg5+ Kf7 85. g8=Q# { Black checkmated
} 1-0

[Event "ICC tourney 2467 (30 10)"]
[Site "Internet Chess Club"]
[Date "2021.03.21"]
[Round "1"]
[White "Massick, Laine:Laine23"]
[Black "FILIPOVICH, DAVID MICHAEL:dmfcan"]
[Result "1-0"]
[ICCResult "Black forfeits on time"]
[WhiteElo "1935"]
[BlackElo "2150"]
[Opening "Caro-Kann: Gurgenidze system"]
[ECO "B15"]
[NIC "CK.05"]
[Time "11:02:10"]
[PlyCount "121"]
[TimeControl "1800+10"]

1. e4 c6 2. d4 d5 3. Nc3 g6 4. Nf3 Bg4 5. Be2 Bg7 6. Be3 Nf6 7. e5 Ne4 8.
Bd3 Qa5 9. O-O Nxc3 10. bxc3 Qxc3 11. Qb1 Bc8 12. Bd2 Qa3 13. Bb4 Qa4 14.
Re1 a5 15. Bc3 O-O 16. a3 Na6 17. h3 Nc7 18. Bd2 Rb8 19. c3 b6 20. Qc1 c5
21. Be3 c4 22. Bc2 Qc6 23. Bh6 b5 24. Bxg7 Kxg7 25. Qg5 f6 26. exf6+ exf6
27. Qg3 Be6 28. Re2 Rbe8 29. Rae1 Bf7 30. Re7 Ne6 31. R1xe6 Qxe6 32. Rxe6
Rxe6 33. Qc7 Re2 34. Bd1 Ra2 35. Kh2 Rxa3 36. h4 Ra1 37. Bc2 Rc1 38. Bxg6
hxg6 39. Qxa5 Rb1 40. g4 Rh8 41. Kg3 Rb3 42. g5 fxg5 43. Nxg5 Rf8 44. f3 b4
45. cxb4 Kg8 46. Qc5 Rb8 47. Qc7 Rf8 48. Qd6 c3 49. Qc5 Kg7 50. b5 c2 51.
Qxc2 Rxb5 52. h5 gxh5 53. Qh7+ Kf6 54. Qh6+ Ke7 55. Qc6 Rb3 56. Qc7+ Ke8
57. Nh7 Rg8+ 58. Kf2 Rg6 59. Qe5+ Re6 60. Qh8+ Ke7 61. Qf8+ { Black
forfeits on time } 1-0

[Event "ICC tourney 2467 (30 10)"]
[Site "Internet Chess Club"]
[Date "2021.03.21"]
[Round "2"]
[White "POTHURI, ABHIRAM:chessasp"]
[Black "OPASKA, MICHAEL:mopaska1106"]
[Result "1-0"]
[ICCResult "Black resigns"]
[WhiteElo "1980"]
[BlackElo "1945"]
[Opening "Sicilian: Nimzovich-Rossolimo attack (with ...g6, without ...d6)"]
[ECO "B31"]
[NIC "SI.31"]
[Time "13:01:40"]
[PlyCount "67"]
[TimeControl "1800+10"]

1. e4 c5 2. Nf3 Nc6 3. Bb5 g6 4. O-O Bg7 5. c3 Qc7 6. Re1 Nf6 7. d4 cxd4 8.
cxd4 d5 9. e5 Ne4 10. Nc3 Nxc3 11. bxc3 O-O 12. Ba3 Bg4 13. h3 Bxf3 14.
Qxf3 Rad8 15. Rab1 f6 16. e6 f5 17. Rb2 Rfe8 18. Reb1 a6 19. Bxc6 Qxc6 20.
Rxb7 Qxe6 21. Bc5 h6 22. R7b6 Qf7 23. Rxa6 e5 24. Ra7 Rd7 25. Ra6 e4 26.
Qg3 g5 27. h4 f4 28. Qg4 e3 29. hxg5 h5 30. Qf3 Qf5 31. Rf1 e2 32. Re1 Qc2
33. Qxh5 Rc8 34. g6 { Black resigns } 1-0

[Event "ICC tourney 2467 (30 10)"]
[Site "Internet Chess Club"]
[Date "2021.03.21"]
[Round "2"]
[White "REMPE, JONAS JAKOB RAZA:Drachekokosnuss"]
[Black "VAKHIDOV, JAKHONGIR:TjkTiger"]
[Result "0-1"]
[ICCResult "White resigns"]
[WhiteElo "2100"]
[BlackElo "2610"]
[Opening "Sicilian: accelerated fianchetto, modern variation with Bc4"]
[ECO "B35"]
[NIC "SI.43"]
[Time "13:02:09"]
[PlyCount "61"]
[TimeControl "1800+10"]

1. e4 c5 2. Nf3 g6 3. d4 cxd4 4. Nxd4 Bg7 5. Nc3 Nc6 6. Be3 Nf6 7. Bc4 O-O
8. Bb3 Re8 9. O-O d6 10. h3 Na5 11. Qd2 b6 12. Bh6 Nxb3 13. Nxb3 Bb7 14.
Bxg7 Kxg7 15. Rfe1 Rc8 16. Nd5 e6 17. Nxf6 Qxf6 18. c3 Rcd8 19. Rad1 e5 20.
c4 Qe6 21. Qb4 f5 22. c5 dxc5 23. Nxc5 Qe7 24. Na6 Rxd1 25. Rxd1 Bxa6 26.
Qa4 Bc8 27. Rc1 Be6 28. Rc3 Rc8 29. Rxc8 Bxc8 30. Qc6 Bb7 31. Qe8 { White
resigns } 0-1

[Event "ICC tourney 2467 (30 10)"]
[Site "Internet Chess Club"]
[Date "2021.03.21"]
[Round "2"]
[White "KERR, JOSHUA MORGAN:AbleCompany"]
[Black "PANG, ASHLEY:redhawk2020"]
[Result "0-1"]
[ICCResult "White resigns"]
[WhiteElo "1673"]
[BlackElo "1955"]
[Opening "King's Indian: orthodox, Aronin-Taimanov, bayonet attack"]
[ECO "E97"]
[NIC "KI.05"]
[Time "13:02:10"]
[PlyCount "44"]
[TimeControl "1800+10"]

1. d4 Nf6 2. c4 g6 3. Nc3 Bg7 4. e4 d6 5. Nf3 O-O 6. Be2 e5 7. O-O Nc6 8.
d5 Ne7 9. b4 Ne8 10. c5 f5 11. Ng5 Nf6 12. f3 a5 13. Ba3 Bh6 14. h4 Nh5 15.
bxa5 Rxa5 16. Bb4 Ra8 17. Nb5 Ng3 18. Rf2 Bxg5 19. hxg5 fxe4 20. cxd6 cxd6
21. fxe4 Qb6 22. Qe1 Nxe4 { White resigns } 0-1

[Event "ICC tourney 2467 (30 10)"]
[Site "Internet Chess Club"]
[Date "2021.03.21"]
[Round "2"]
[White "BAGCHI, SOUNAK:Chesssaga"]
[Black "CHONG, JOSHUA ETHAN:Joshua1"]
[Result "1-0"]
[ICCResult "Black resigns"]
[WhiteElo "1967"]
[BlackElo "1849"]
[Opening "Sicilian defense"]
[ECO "B40"]
[NIC "SI.43"]
[Time "13:01:27"]
[PlyCount "37"]
[TimeControl "1800+10"]

1. e4 c5 2. Nf3 e6 3. g3 d5 4. exd5 exd5 5. d4 c4 6. Bg2 Nf6 7. O-O Be7 8.
b3 b5 9. a4 Bd7 10. Ne5 a6 11. axb5 cxb3 12. c4 Bc8 13. Nc3 Bb7 14. Qxb3
Nbd7 15. cxd5 Bd6 16. Nc6 Qb6 17. Re1+ Kf8 18. Ba3 Qc7 19. b6 { Black
resigns } 1-0

[Event "ICC tourney 2467 (30 10)"]
[Site "Internet Chess Club"]
[Date "2021.03.21"]
[Round "2"]
[White "MUVVA, ABHINAV:Siritnt"]
[Black "Vittal, Sanjana:MCTS13"]
[Result "0-1"]
[ICCResult "White checkmated"]
[WhiteElo "907"]
[BlackElo "2196"]
[Opening "Ruy Lopez: classical (Cordel) defense"]
[ECO "C64"]
[NIC "RL.01"]
[Time "13:01:42"]
[PlyCount "72"]
[TimeControl "1800+10"]

1. e4 e5 2. Nf3 Nc6 3. Bb5 Bc5 4. O-O Qf6 5. c3 Nge7 6. h3 h6 7. d3 O-O 8.
Nbd2 d6 9. Nb3 Bb6 10. Re1 Qg6 11. Kf1 f5 12. Re2 fxe4 13. dxe4 Bxh3 14.
gxh3 Rxf3 15. Ke1 Raf8 16. Kd2 Rxf2 17. Rxf2 Rxf2+ 18. Kd3 d5 19. Nd2 a6
20. Bxc6 Nxc6 21. a3 Qg2 22. Kc2 Qxe4+ 23. Kb3 Qd3 24. Ka2 e4 25. Rb1 e3
26. Qg1 exd2 27. Qd1 Qc4+ 28. Ka1 dxc1=Q 29. Rxc1 Na5 30. Kb1 Qe4+ 31. Ka1
Nc4 32. Rb1 Ne3 33. Qc1 Nc2+ 34. Ka2 Qc4+ 35. b3 Nb4+ 36. Ka1 Ra2# { White
checkmated } 0-1

[Event "ICC tourney 2467 (30 10)"]
[Site "Internet Chess Club"]
[Date "2021.03.21"]
[Round "2"]
[White "WANG, ALEXANDER J:ickyquarter"]
[Black "Higgins, Sean M:higg1921"]
[Result "1-0"]
[ICCResult "Black forfeits on time"]
[WhiteElo "2077"]
[BlackElo "1421"]
[Opening "Scandinavian defense"]
[ECO "B01"]
[NIC "SD.01"]
[Time "13:01:36"]
[PlyCount "51"]
[TimeControl "1800+10"]

1. e4 d5 2. exd5 Qxd5 3. Nc3 Qa5 4. d4 Nf6 5. Nf3 Bf5 6. Be2 e6 7. O-O Bd6
8. h3 Nbd7 9. Bd2 c6 10. Nb5 Bb4 11. Bxb4 Qxb4 12. Nc7+ Ke7 13. Nxa8 Rxa8
14. b3 Qd6 15. Bd3 Bxd3 16. Qxd3 h6 17. Rfe1 Rg8 18. Rad1 Nd5 19. c4 Nf4
20. Qe3 g5 21. Ne5 f6 22. Nd3 h5 23. Nxf4 gxf4 24. Qf3 f5 25. Qxh5 Nf6 26.
Qxf5 { Black forfeits on time } 1-0

[Event "ICC tourney 2467 (30 10)"]
[Site "Internet Chess Club"]
[Date "2021.03.21"]
[Round "2"]
[White "Ulrich, Susanna G:thetornado"]
[Black "GUO, YU HAN (VERONICA):VeronicaG"]
[Result "1-0"]
[ICCResult "Black checkmated"]
[WhiteElo "2168"]
[BlackElo "1828"]
[Opening "QGD: Charousek (Petrosian) variation"]
[ECO "D31"]
[NIC "QP.08"]
[Time "13:01:28"]
[PlyCount "117"]
[TimeControl "1800+10"]

1. d4 d5 2. c4 e6 3. Nc3 Be7 4. cxd5 exd5 5. Bf4 Nf6 6. e3 c6 7. Bd3 Bg4 8.
Qc2 Nbd7 9. h3 Bh5 10. Nge2 Nf8 11. O-O Bg6 12. Rad1 Bxd3 13. Qxd3 Ne6 14.
Bh2 Qd7 15. f3 h5 16. e4 Rd8 17. e5 Nh7 18. f4 g5 19. f5 Nc7 20. e6 Qc8 21.
exf7+ Kxf7 22. Be5 Rhg8 23. f6 Nxf6 24. Qh7+ Rg7 25. Qxh5+ Rg6 26. Bxf6
Bxf6 27. Qh7+ Rg7 28. Rxf6+ Kxf6 29. Rf1+ Ke6 30. Qxg7 Ne8 31. Qxg5 Qb8 32.
Qf5+ Kd6 33. Qf4+ Kd7 34. Qxb8 Rxb8 35. Rf7+ Ke6 36. Rh7 Nf6 37. Rh6 Kf5
38. Kf2 Kg5 39. Rxf6 Kxf6 40. g4 Kg5 41. Kg3 Re8 42. h4+ Kg6 43. Kf3 a6 44.
Nf4+ Kf6 45. Nd3 Rh8 46. Kg3 Re8 47. Kf4 b5 48. Ne5 Re6 49. g5+ Kg7 50. Kf5
Rd6 51. h5 a5 52. h6+ Kh7 53. Ng4 c5 54. Nf6+ Kh8 55. g6 Rxf6+ 56. Kxf6
cxd4 57. g7+ Kg8 58. Kg6 dxc3 59. h7# { Black checkmated } 1-0

[Event "ICC tourney 2467 (30 10)"]
[Site "Internet Chess Club"]
[Date "2021.03.21"]
[Round "2"]
[White "DENG, HENRY:SuperPuzzler"]
[Black "IVANOV, ALEXANDER:marble"]
[Result "0-1"]
[ICCResult "White resigns"]
[WhiteElo "2049"]
[BlackElo "2506"]
[Opening "Robatsch defense: two knights, Suttles variation"]
[ECO "B06"]
[NIC "KF.05"]
[Time "13:01:25"]
[PlyCount "74"]
[TimeControl "1800+10"]

1. e4 g6 2. d4 Bg7 3. Nf3 d6 4. Nc3 c6 5. Be2 b5 6. a3 Nd7 7. Be3 Qc7 8.
Qd2 Bb7 9. O-O Ngf6 10. h3 O-O 11. Bh6 a5 12. Bd3 e5 13. Bxg7 Kxg7 14. b4
Rfe8 15. Rfe1 Qb6 16. dxe5 dxe5 17. Ne2 c5 18. c3 c4 19. Bc2 Bxe4 20. Bxe4
Nxe4 21. Qxd7 Rad8 22. Qg4 Nxf2 23. Qh4 Nd3+ 24. Kh1 Nxe1 25. Rxe1 axb4 26.
axb4 f5 27. Qg3 f4 28. Qg4 Qf6 29. h4 Qf5 30. Qxf5 gxf5 31. Nc1 Kf6 32. Kg1
Rd5 33. Kf2 Ra8 34. Ne2 Ra2 35. Kf1 h6 36. Rc1 Rd3 37. Ne1 Rdd2 { White
resigns } 0-1

[Event "ICC tourney 2467 (30 10)"]
[Site "Internet Chess Club"]
[Date "2021.03.21"]
[Round "2"]
[White "Jin, Xiaodong:SuperWJ"]
[Black "Wang, Luke:HostilePear"]
[Result "0-1"]
[ICCResult "White resigns"]
[WhiteElo "1887"]
[BlackElo "1969"]
[Opening "Bogo-Indian defense, Nimzovich variation"]
[ECO "E11"]
[NIC "QI.01"]
[Time "13:01:25"]
[PlyCount "106"]
[TimeControl "1800+10"]

1. d4 Nf6 2. c4 e6 3. Nf3 Bb4+ 4. Bd2 Qe7 5. g3 Nc6 6. Nc3 O-O 7. Bg2 d6 8.
O-O Bxc3 9. Bxc3 e5 10. d5 Nb8 11. c5 e4 12. cxd6 cxd6 13. Bxf6 Qxf6 14.
Nd4 Re8 15. Qa4 Qe5 16. e3 Nd7 17. Nb5 Nb6 18. Qd4 Qxd4 19. exd4 Nxd5 20.
Nxd6 Rd8 21. Nxe4 Nb4 22. a3 Nc2 23. Rad1 Nxd4 24. Nc3 Bg4 25. f3 Be6 26.
Rfe1 Rac8 27. Re4 Rxc3 28. Rexd4 Rxd4 29. Rxd4 Rc1+ 30. Bf1 g6 31. Rd2 Bh3
32. Rf2 Rb1 33. b4 Ra1 34. f4 Kg7 35. Rf3 Kf6 36. Rf2 Kf5 37. b5 h5 38. Rf3
Ke4 39. Rf2 Rxf1+ 40. Rxf1 Bxf1 41. Kxf1 Kd3 42. Kf2 Kc4 43. Kf3 Kb3 44. f5
Kxa3 45. fxg6 fxg6 46. Kf4 Kb4 47. Kg5 Kxb5 48. Kxg6 a5 49. h4 a4 50. g4
hxg4 51. h5 g3 52. h6 g2 53. h7 g1=Q+ { White resigns } 0-1

[Event "ICC tourney 2467 (30 10)"]
[Site "Internet Chess Club"]
[Date "2021.03.21"]
[Round "2"]
[White "FILIPOVICH, DAVID MICHAEL:dmfcan"]
[Black "KATSMAN, DAVID:davika21"]
[Result "1-0"]
[ICCResult "Black resigns"]
[WhiteElo "2150"]
[BlackElo "1884"]
[Opening "Réti: King's Indian attack (Barcza system)"]
[ECO "E06"]
[NIC "QP.09"]
[Time "13:02:10"]
[PlyCount "99"]
[TimeControl "1800+10"]

1. Nf3 d5 2. g3 Nf6 3. Bg2 e6 4. O-O Be7 5. d4 O-O 6. c4 b6 7. Nc3 Bb7 8.
cxd5 Nxd5 9. Nxd5 Bxd5 10. Qc2 c5 11. Rd1 Qc7 12. e4 Bc6 13. d5 exd5 14.
exd5 Bb7 15. d6 Bxd6 16. Ng5 g6 17. Bxb7 Qxb7 18. Rxd6 Qe7 19. Rd1 Nc6 20.
Be3 Rfe8 21. Re1 Qf6 22. f4 Re7 23. Bf2 Rae8 24. Rxe7 Rxe7 25. Qd2 Kg7 26.
Re1 Rxe1+ 27. Bxe1 h6 28. Nf3 Qf5 29. Qd6 Qe4 30. Bc3+ Kg8 31. Qf6 Kf8 32.
Ne5 Qe3+ 33. Kg2 Qe2+ 34. Kh3 Qf1+ 35. Kh4 g5+ 36. fxg5 hxg5+ 37. Kxg5 Qc1+
38. Qf4 Qxf4+ 39. gxf4 Ne7 40. h4 Nd5 41. Nd7+ Ke7 42. Nf6 Nc7 43. f5 b5
44. h5 b4 45. Be5 Nb5 46. h6 Kf8 47. Nd7+ Ke7 48. h7 f6+ 49. Nxf6 Kf7 50.
h8=Q { Black resigns } 1-0